 Dungeon Sprint DCSS version 0.20.1-1-g8b1a95d (webtiles) character file.

16393 potatolord6000 the Severer (level 12, -67/124 HPs)
             Began as a Hill Orc Fighter on Aug 30, 2017.
             Was the Champion of Beogh.
             Killed from afar by a lich (117 damage)
             ... with a crystal spear
             ... in the Dungeon (Sprint VII: "The Pits") on Aug 31, 2017.
             The game lasted 00:13:53 (3144 turns).

potatolord6000 the Severer (Hill Orc Fighter)       Turns: 3144, Time: 00:13:53

Health: -67/124    AC: 25    Str: 27    XL:     12   Next: 37%
Magic:  16/24      EV: 11    Int:  8    God:    Beogh [******]
Gold:   90         SH: 14    Dex: 10    Spells: 11/11 levels left

rFire    . . .     SeeInvis .   u - +4 war axe (freeze)
rCold    . . .     Gourm    .   c - +0 shield
rNeg     . . .     Faith    .   g - +5 plate armour
rPois    .         Spirit   .   (no helmet)
rElec    .         Reflect  .   v - +0 cloak
rCorr    .         Harm     .   h - +0 pair of gloves
MR       .....     NoTele   +   (no boots)
Stlth    ..........             (no amulet)
Regen    0.3/turn               a - +3 ring of strength
MPRegen  0.2/turn               b - +3 ring of evasion

@: hasted, glowing, very quick
A: walk on water
a: Smiting, Recall Orcish Followers, Give Item to Named Follower, Resurrection,
Renounce Religion


You were in the Dungeon.
You worshipped Beogh.
Beogh was exalted by your worship.
You were very full.

You visited 1 branch You collected 90 gold pieces.

Inventory:

Hand Weapons
 u - a +4 war axe of freezing (weapon)
Armour
 c - a +0 shield (worn)
 g - a +5 plate armour (worn)
 h - a +0 pair of gloves (worn)
 v - a +0 cloak (worn)
Jewellery
 a - a +3 ring of strength (left hand)
 b - a +3 ring of evasion (right hand)
Scrolls
 k - 2 scrolls of blinking
 m - 7 scrolls of remove curse
 n - 5 scrolls of amnesia
 o - a scroll of summoning
 x - a scroll of identify
Potions
 d - a potion of heal wounds
 e - 4 potions of curing
 i - 4 potions of magic
 r - a potion of haste
 s - a potion of flight
 t - a potion of brilliance
 w - a potion of agility
 z - a potion of might
Comestibles
 f - 8 bread rations
 l - a royal jelly
 p - 40 fruits
 q - 4 meat rations


   Skills:
 + Level 16.4 Fighting
 + Level 17.5 Axes
 + Level 15.3 Armour
 + Level 15.2 Shields
 + Level 16.6 Invocations


You had 11 spell levels left.
You didn't know any spells.

Dungeon Overview and Level Annotations

Branches:
Dungeon (1/1)

Altars:
Ashenzari
Cheibriados
Dithmenos
Elyvilon
Fedhas
Gozag
Hepliaklqana
Kikubaaqudgha
Makhleb
Nemelex Xobeh
Okawaru
Qazlal
Ru
Sif Muna
Trog
Uskayaw
Vehumet
Xom
Yredelemnul
Zin
The Shining One
Beogh
Jiyva
Lugonu


Message History

You feel yourself slow down.
You are no longer corroded.
The purple ugly thing gurgles horribly!
The vampire mage seems less brilliant.
The vampire mage is empowered by the deep elf high priest's aura!
The deep elf high priest utters a dark prayer and points at you.
Your life force is offered up.
The deep elf high priest is healed.
The lich is healed.
The lich touches you but does no damage.
You feel yourself speed up.
The deep elf annihilator seems less brilliant.
The sphinx mumbles some strange words.
Something smites you!
The deep elf annihilator is empowered by the deep elf high priest's aura!
The deep elf high priest intones a terrible prayer.
The deep elf high priest utters a dark prayer and points at you.
Your life force is offered up.
The lich casts a spell at you. The crystal spear hits you!
Ouch! That really hurt!
You die...

#..# #..#
#..# #..#
#..# #..#
#''# ####''#
#e@o.)#
...e.HL#oo##
#..AWV###.:#
...Z.N ..##
#uM#. ##.:
.. ## ..:# .
..:# ..:#
##.:#


You could see a sphinx, a lich, a cherub, a deep elf annihilator, a purple ugly
thing, a mummy priest, a vampire mage (invisible), a deep elf high priest, a
naga mage, a shadow, a giant cockroach zombie, a friendly orc knight, the
friendly Garbold the orc high priest and the friendly Judas the orc priest.

Vanquished Creatures
  A draconian stormcaller (D)
  A deep elf death mage (D)
  A minotaur (D)
  A hydra (D)
  A catoblepas (D)
  A vampire mage (D)
  Sonja (D)
  A shadow wraith (D)
  A lindwurm (D)
  A deep elf mage (D)
  2 cyclopes (D)
  A black mamba (D)
  A naga mage (D)
  A gargoyle (D)
  An orange demon (D)
  2 spiny frogs (D)
  A troll (D)
  A hellwing (D)
  A bog body (D)
  4 blink frogs (D)
  A hippogriff (D)
  2 flying skulls (D)
  2 spriggans (D)
  3 redbacks (D)
  A tarantella (D)
  A wraith (D)
  A ynoxinul (D)
  3 vampire mosquitoes (D)
  Edmund (D)
  3 nagas (D)
  4 hell hounds (D)
  A water moccasin (D)
  Purgy (D)
  An orc warrior (D)
  A black bear (D)
  A phantom (D)
  2 wolves (D)
  A centaur (D)
  A crocodile (D)
  A gnoll sergeant (D)
  A bullfrog (D)
  4 killer bees (D)
  2 wights (D)
  2 quasits (D)
  An orc priest (D)
  A hound (D)
  An orc wizard (D)
  3 gnolls (D)
  An ufetubus (D)
  A worm (D)
  A leopard gecko (D)
  4 orcs (D)
  A giant cockroach (D)
  A goblin (D)
  A bat (D)
  2 kobolds (D)
  A leopard gecko skeleton (D)
85 creatures vanquished.

Vanquished Creatures (collateral kills)
  A great orb of eyes (D)
  A two-headed ogre (D)
  A vampire mage (D)
  A spiny frog (shapeshifter) (D)
  A red devil (D)
  A hungry ghost (D)
  A naga (D)
  A warg (D)
  A hell hound (D)
  3 wights (D)
  3 gnolls (D)
15 creatures vanquished.

Vanquished Creatures (others)
  An orc knight (D)
  2 orc priests (D)
  An orc wizard (D)
  3 orcs (D)
7 creatures vanquished.

Grand Total: 107 creatures vanquished

Notes
Turn   | Place    | Note
-------+----------+-------------------------------------------
     0 | D        | potatolord6000 the Hill Orc Fighter began the quest for the Orb.
     0 | D        | Reached XP level 1. HP: 19/19 MP: 1/1
    53 | D        | Found a bloodstained altar of Trog.
    53 | D        | Found a deep blue altar of Sif Muna.
    53 | D        | Found a viscous altar of Jiyva.
    53 | D        | Found a hazy altar of Hepliaklqana.
    53 | D        | Found an opulent altar of Gozag.
    54 | D        | Found a glowing golden altar of the Shining One.
    54 | D        | Found a glowing silver altar of Zin.
    54 | D        | Found a basalt altar of Yredelemnul.
    54 | D        | Found a shimmering altar of Xom.
    54 | D        | Found a sacrificial altar of Ru.
    54 | D        | Found a stormy altar of Qazlal.
    54 | D        | Found an iron altar of Okawaru.
    54 | D        | Found a sparkling altar of Nemelex Xobeh.
    54 | D        | Found a burning altar of Makhleb.
    54 | D        | Found a blossoming altar of Fedhas.
    54 | D        | Found a white marble altar of Elyvilon.
    54 | D        | Found a shadowy altar of Dithmenos.
    54 | D        | Found a snail-covered altar of Cheibriados.
    56 | D        | Found a radiant altar of Vehumet.
    56 | D        | Found a corrupted altar of Lugonu.
    56 | D        | Found a roughly hewn altar of Beogh.
    57 | D        | Found a hide-covered altar of Uskayaw.
    57 | D        | Found an ancient bone altar of Kikubaaqudgha.
    57 | D        | Found a shattered altar of Ashenzari.
    68 | D        | Became a worshipper of Beogh the Brigand
    94 | D        | Reached skill level 3 in Axes
   105 | D        | Reached XP level 2. HP: 12/27 MP: 2/2
   113 | D        | Reached * piety under Beogh
   126 | D        | Noticed an orc warrior
   128 | D        | Reached ** piety under Beogh
   128 | D        | Reached skill level 4 in Axes
   133 | D        | Reached *** piety under Beogh
   137 | D        | Killed an orc warrior
   137 | D        | Reached skill level 6 in Axes
   137 | D        | Reached XP level 3. HP: 7/38 MP: 3/3
   137 | D        | Reached XP level 4. HP: 8/45 MP: 4/4
   414 | D        | Noticed a bullfrog
   414 | D        | Noticed a flying skull
   415 | D        | Noticed a phantom
   415 | D        | Noticed a water moccasin
   421 | D        | Killed a bullfrog
   421 | D        | Reached skill level 7 in Axes
   421 | D        | Reached XP level 5. HP: 52/52 MP: 4/7
   423 | D        | Killed a water moccasin
   423 | D        | Reached **** piety under Beogh
   423 | D        | Reached skill level 8 in Axes
   423 | D        | Reached XP level 6. HP: 61/61 MP: 4/9
   429 | D        | Killed a flying skull
   429 | D        | Reached skill level 9 in Axes
   429 | D        | Reached XP level 7. HP: 65/69 MP: 4/11
   547 | D        | Noticed a ynoxinul
   553 | D        | Killed a ynoxinul
   553 | D        | Reached skill level 10 in Axes
   556 | D        | Noticed Purgy
   571 | D        | Reached ***** piety under Beogh
   586 | D        | Killed Purgy
   586 | D        | Reached skill level 10 in Fighting
   586 | D        | Reached XP level 8. HP: 79/79 MP: 14/14
   589 | D        | Noticed a black mamba
   589 | D        | Noticed a spriggan
   599 | D        | Killed a spriggan
   602 | D        | Killed a black mamba
   602 | D        | Reached skill level 11 in Axes
   602 | D        | Reached skill level 10 in Armour
   947 | D        | Reached skill level 10 in Shields
   950 | D        | Noticed a hellwing
   953 | D        | Noticed a spriggan
   956 | D        | Killed a spriggan
   960 | D        | Killed a hellwing
   960 | D        | Reached skill level 12 in Axes
   960 | D        | Reached skill level 10 in Invocations
   960 | D        | Reached XP level 9. HP: 78/89 MP: 16/16
   977 | D        | Noticed a vampire mage
   991 | D        | Noticed a jiangshi
   993 | D        | Noticed a freezing wraith
   994 | D        | Killed a vampire mage
   994 | D        | Reached ****** piety under Beogh
  1171 | D        | Noticed a lindwurm
  1185 | D        | Killed a lindwurm
  1185 | D        | Reached skill level 13 in Axes
  1194 | D        | Reached XP level 10. HP: 40/100 MP: 16/18
  1197 | D        | Noticed Edmund
  1205 | D        | Killed Edmund
  1224 | D        | Killed a shadow wraith
  1560 | D        | Reached skill level 14 in Axes
  1588 | D        | Noticed a spiny frog
  1594 | D        | Killed a spiny frog
  1607 | D        | Noticed a two-headed ogre
  1621 | D        | Gained Garbold as an ally
  1621 | D        | Gained Judas as an ally
  1625 | D        | Killed a two-headed ogre
  1835 | D        | Noticed a minotaur
  1835 | D        | Noticed a deep elf mage
  1836 | D        | Noticed a six-headed hydra
  1848 | D        | Killed a 14-headed hydra
  1848 | D        | Reached skill level 15 in Axes
  1848 | D        | Reached XP level 11. HP: 41/110 MP: 21/21
  1849 | D        | Killed a minotaur
  1859 | D        | Killed a deep elf mage
  2148 | D        | Noticed a cyclops
  2151 | D        | Noticed a cyclops
  2163 | D        | Killed a cyclops
  2165 | D        | Killed a cyclops
  2165 | D        | Reached skill level 15 in Fighting
  2165 | D        | Reached skill level 16 in Axes
  2167 | D        | Reached skill level 15 in Invocations
  2738 | D        | Noticed a catoblepas
  2746 | D        | Killed a catoblepas
  2955 | D        | Noticed Sonja
  2957 | D        | Killed Sonja
  3043 | D        | Noticed a great orb of eyes
  3050 | D        | Killed a great orb of eyes
  3050 | D        | Reached XP level 12. HP: 111/122 MP: 16/23
  3107 | D        | Reached skill level 17 in Axes
  3119 | D        | Noticed a deep elf death mage
  3124 | D        | Killed a deep elf death mage
  3127 | D        | Killed a ghostly deep elf death mage
  3127 | D        | Reached skill level 15 in Armour
  3130 | D        | Noticed a vampire mage
  3135 | D        | Killed a vampire mage
  3135 | D        | Reached skill level 15 in Shields
  3136 | D        | Noticed an ogre mage
  3136 | D        | Noticed a red draconian stormcaller
  3137 | D        | Noticed a deep elf annihilator
  3137 | D        | Noticed a deep elf high priest
  3137 | D        | Noticed a lich
  3137 | D        | Noticed a sphinx
  3137 | D        | Noticed a vampire mage
  3139 | D        | Killed a red draconian stormcaller
  3141 | D        | Noticed a vampire mage
  3142 | D        | Noticed a mummy priest
  3144 | D        | Killed from afar by a lich

Skill      XL: |  1  2  3  4  5  6  7  8  9 10 11 12 |
---------------+-------------------------------------+-----
Axes           | 3 6 7 8 9 10 12 13 15 16 17 | 17.5
Fighting       | 4 6 7 8 10 11 12 14 15 16 | 16.4
Armour         | 4 6 7 8 9 10 11 13 14 15 | 15.3
Shields        | 4 6 7 8 9 10 11 13 14 15 | 15.2
Invocations    | 2 4 6 8 10 11 13 15 16 | 16.6

Action                   |  1- 3 |  4- 6 |  7- 9 | 10-12 || total
-------------------------+-------+-------+-------+-------++-------
Melee: Hand axe          |    27 |    10 |    45 |       ||    82
       War axe           |     4 |       |    37 |   123 ||   164
Invok: Smiting           |       |       |     3 |    13 ||    16
       Give Item to Name |       |       |       |     1 ||     1
  Use: Potion            |     6 |     2 |     8 |    12 ||    28
       Scroll            |       |       |       |     5 ||     5
 Stab: Invisible         |     1 |       |       |       ||     1
       Distracted        |       |       |       |     2 ||     2
  Eat: Meat ration       |       |       |     1 |     2 ||     3
Armor: Scale mail        |    18 |       |       |       ||    18
       Chain mail        |       |     4 |    29 |       ||    33
       Plate armour      |       |       |    21 |    83 ||   104
Dodge: Dodged            |    25 |     1 |    30 |    69 ||   125
Block: Shield            |    21 |     8 |    62 |   115 ||   206
